 Dungeon Crawl Stone Soup version 0.28.0-62-gf88900778d (webtiles) character file.

Game seed: 2585351210429245328

141 AarnesTheHuman the Insei (level 5, 0/40 HPs)
             Began as a Gnoll Transmuter on Mar 13, 2023.
             Slain by a hornet zombie (8 damage)
             ... on level 3 of the Dungeon.
             The game lasted 00:05:05 (3162 turns).

AarnesTheHuman the Insei (Gnoll Transmuter)         Turns: 3162, Time: 00:05:06

Health: 0/40       AC:  9    Str: 11    XL:     5   Next: 24%
Magic:  12/12      EV: 10    Int: 13    God:
Gold:   75         SH:  0    Dex: 12    Spells: 13/14 levels left

rFire   . . .      SeeInvis .   a - +0 club
rCold   . . .      Faith    .   (no shield)
rNeg    . . .      Spirit   .   p - +2 scale mail {rPois}
rPois   +          Reflect  .   (helmet currently unavailable)
rElec   .          Harm     .   (no cloak)
rCorr   .          Rampage  .   e - +0 pair of gloves
Will    .....                   (boots currently unavailable)
Stlth   ..........              (no amulet)
HPRegen 0.13/turn               (no ring)
MPRegen 0.13/turn               (no ring)

@: appendages (expiring)
A: horns 2, talons 2, fangs 1, strong nose, distributed training
a: End Transformation


You were on level 3 of the Dungeon.
You had temporarily grown beastly horns and talons.
You visited 1 branch of the dungeon, and saw 3 of its levels.

You collected 75 gold pieces.

Inventory:

Hand Weapons
 a - a +0 club (weapon)
Missiles
 d - 126 stones
 j - 6 boomerangs (quivered)
Armour
 b - a +0 robe
 e - a +0 pair of gloves (worn)
 n - a +0 helmet (melded)
 o - a +2 pair of gloves
 p - a +2 scale mail of poison resistance (worn)
 s - a +0 pair of boots
Jewellery
 i - a +4 ring of slaying
Scrolls
 g - a scroll of summoning {unknown}
 k - a scroll of acquirement {unknown}
 m - 4 scrolls of identify {unknown}
 q - a scroll of teleportation {unknown}
 r - 2 scrolls of blinking
 t - 3 scrolls of amnesia {unknown}
Potions
 c - 2 potions of lignification {unknown}
 f - a potion of magic {unknown}
 h - a potion of curing {unknown}
 l - a potion of brilliance {unknown}


   Skills:
 + Level 2.9 Fighting
 + Level 1.4 Short Blades
 + Level 1.4 Long Blades
 + Level 1.4 Axes
 + Level 1.4 Maces & Flails
 + Level 1.4 Polearms
 + Level 1.4 Staves
 + Level 1.4 Slings
 + Level 1.4 Bows
 + Level 1.4 Crossbows
 + Level 1.4 Throwing
 + Level 1.4 Armour
 + Level 4.7 Dodging
 + Level 1.4 Stealth
 + Level 1.4 Shields
 + Level 6.7 Unarmed Combat
 + Level 5.2 Spellcasting
 + Level 1.1 Conjurations
 + Level 1.1 Hexes
 + Level 1.1 Summonings
 + Level 1.1 Necromancy
 + Level 1.1 Translocations
 + Level 3.9 Transmutations
 + Level 1.1 Fire Magic
 + Level 1.1 Ice Magic
 + Level 1.1 Air Magic
 + Level 1.1 Earth Magic
 + Level 1.1 Poison Magic
 + Level 1.6 Invocations
 + Level 1.4 Evocations


You had 13 spell levels left.
You knew the following spells:

 Your Spells              Type           Power      Damage    Failure   Level
a - Beastly Appendage     Tmut           26%        N/A       22%         1

Your spell library contained the following spells:

 Spells                   Type           Power      Damage    Failure   Level
 Wereblood                Tmut           13%        N/A       32%         2
 Shock                    Conj/Air       24%        1d4       56%         1
 Spider Form              Tmut/Pois      10%        N/A       75%         3
 Swiftness                Air            6%         N/A       90%         3
 Ice Form                 Ice/Tmut       10%        N/A       98%         4
 Airstrike                Air            3%         N/A       100%        4


Dungeon Overview and Level Annotations

Branches:
Dungeon (3/15)

Altars:
Fedhas


Innate Abilities, Weirdness & Mutations

You have temporarily grown beastly horns and talons.
You have very sharp teeth.
Your uncanny sense of smell can sniff out nearby items.
Your experience applies equally to all skills.


Message History

You hit the hornet zombie.
The hornet zombie is severely damaged.
The hornet zombie hits you. The hornet zombie hits you!
You hit the hornet zombie. Your kick misses the hornet zombie.
The hornet zombie is severely damaged.
The hornet zombie closely misses you.
You closely miss the hornet zombie. You claw the hornet zombie.
The hornet zombie is severely damaged.
The hornet zombie hits you but does no damage.
The hornet zombie hits you.
You barely miss the hornet zombie.
The hornet zombie is severely damaged.
The hornet zombie hits you.
The hornet zombie hits you but does no damage.
You hit the hornet zombie but do no damage.
Your kick misses the hornet zombie.
The hornet zombie is severely damaged.
The hornet zombie closely misses you.
The hobgoblin shouts!
You hit the hornet zombie.
You claw the hornet zombie, but do no damage.
You headbutt the hornet zombie.
The hornet zombie is severely damaged.
The hornet zombie barely misses you. The hornet zombie closely misses you.
You hit the hornet zombie but do no damage.
You claw the hornet zombie, but do no damage.
The hornet zombie is severely damaged.
The hornet zombie hits you.
The hornet zombie hits you but does no damage.
You hit the hornet zombie but do no damage.
Your kick misses the hornet zombie.
The hornet zombie is severely damaged.
Your transformation is almost over.
The hornet zombie hits you.
You barely miss the hornet zombie.
The hornet zombie is severely damaged.
The hornet zombie hits you.
* * * LOW HITPOINT WARNING * * *
The hornet zombie hits you!
You die...

..........#.#..............#
......#......#........#....#
#..#.....<.................#
#.##..>....#...............# #
#......#.r............#.##
#.....................#.#
#......#.g............#.#
#..Z...##Z..............# #
#......##@#.#...........##
..##.##..######.#.###.##........
#...>...## #...##..###.#....#
####.##.# ##..#..## #....... #
##.# #....#####..#.... #..###
##................ #Z...#
###.....######.#..#. #ยง##.#
#.........##...#..#. #)#
.##.............#.#..#.


You could see a hornet zombie, a quokka and a hobgoblin.

Vanquished Creatures
  A hound skeleton (D:3)
  Robin (D:2)
  4 adders
  A worm (D:2)
  3 dart slugs
  4 endoplasms
  2 giant cockroaches
  8 hobgoblins
  9 jackals
  4 kobolds
  A quokka (D:2)
  3 ball pythons (D:1)
  3 bats
  3 frilled lizards
  16 goblins
  5 rats
68 creatures vanquished.

Notes
Turn   | Place    | Note
-------+----------+-------------------------------------------
     0 | D:1      | AarnesTheHuman the Gnoll Transmuter began the quest for the
                  | Orb.
     0 | D:1      | Reached XP level 1. HP: 17/17 MP: 6/6
   200 | D:1      | Reached XP level 2. HP: 22/23 MP: 5/7
   787 | D:1      | Reached XP level 3. HP: 28/28 MP: 7/9
   886 | D:1      | Reached skill level 5 in Spellcasting
  1354 | D:2      | Noticed Robin
  1514 | D:1      | Reached skill level 1 in Invocations
  1638 | D:2      | Killed Robin
  1639 | D:2      | Reached skill level 1 in Short Blades
  1639 | D:2      | Reached skill level 1 in Long Blades
  1639 | D:2      | Reached skill level 1 in Axes
  1639 | D:2      | Reached skill level 1 in Maces & Flails
  1639 | D:2      | Reached skill level 1 in Polearms
  1639 | D:2      | Reached skill level 1 in Staves
  1639 | D:2      | Reached skill level 1 in Slings
  1639 | D:2      | Reached skill level 1 in Bows
  1639 | D:2      | Reached skill level 1 in Crossbows
  1639 | D:2      | Reached skill level 1 in Throwing
  1639 | D:2      | Reached skill level 1 in Armour
  1639 | D:2      | Reached skill level 1 in Stealth
  1639 | D:2      | Reached skill level 1 in Shields
  1639 | D:2      | Reached skill level 1 in Evocations
  1685 | D:2      | Found a blossoming altar of Fedhas.
  1699 | D:2      | Reached XP level 4. HP: 34/34 MP: 9/11
  2419 | D:3      | Reached skill level 1 in Conjurations
  2419 | D:3      | Reached skill level 1 in Hexes
  2419 | D:3      | Reached skill level 1 in Summonings
  2419 | D:3      | Reached skill level 1 in Necromancy
  2419 | D:3      | Reached skill level 1 in Translocations
  2419 | D:3      | Reached skill level 1 in Fire Magic
  2419 | D:3      | Reached skill level 1 in Ice Magic
  2419 | D:3      | Reached skill level 1 in Air Magic
  2419 | D:3      | Reached skill level 1 in Earth Magic
  2419 | D:3      | Reached skill level 1 in Poison Magic
  2539 | D:2      | Reached XP level 5. HP: 39/40 MP: 10/12
  2710 | D:3      | HP: 2/40 [hornet zombie (9)]
  3162 | D:3      | Slain by a hornet zombie

Illustrated notes

Levels and vault maps discovered:
D:1:      lightli_arrival_noodles, layout_loops_corners
D:2:      layout_rooms, basic_altar, uniq_robin
D:3:      layout_rooms, mainiacjoe_overflow_cross_hatched

Skill      XL: |  1  2  3  4 |
---------------+-------------+-----
Spellcasting   | 5 |  5.2
Invocations    | 1 |  1.6
Short Blades   | 1 |  1.4
Long Blades    | 1 |  1.4
Axes           | 1 |  1.4
Maces & Flails | 1 |  1.4
Polearms       | 1 |  1.4
Staves         | 1 |  1.4
Slings         | 1 |  1.4
Bows           | 1 |  1.4
Crossbows      | 1 |  1.4
Throwing       | 1 |  1.4
Armour         | 1 |  1.4
Stealth        | 1 |  1.4
Shields        | 1 |  1.4
Evocations     | 1 |  1.4
Conjurations   | 1 |  1.1
Hexes          | 1 |  1.1
Summonings     | 1 |  1.1
Necromancy     | 1 |  1.1
Translocations | 1 |  1.1
Fire Magic     | 1 |  1.1
Ice Magic      | 1 |  1.1
Air Magic      | 1 |  1.1
Earth Magic    | 1 |  1.1
Poison Magic   | 1 |  1.1
Fighting       | |  2.9
Dodging        | |  4.7
Unarmed Combat | |  6.7
Transmutations | |  3.9

Action                   |  1- 3 |  4- 6 || total
-------------------------+-------+-------++-------
Melee: Unarmed           |    78 |    33 ||   111
       Headbutt          |     8 |    15 ||    23
       Kick              |    12 |    20 ||    32
       Punch             |     2 |     8 ||    10
       Club              |     9 |    84 ||    93
       Bite              |     3 |     7 ||    10
 Cast: Beastly Appendage |    23 |    18 ||    41
  Use: Scroll            |       |     1 ||     1
Armor: Robe              |    21 |     4 ||    25
       Scale mail        |       |    59 ||    59
Dodge: Dodged            |    60 |   108 ||   168
